 Dungeon Crawl Stone Soup version 0.18-a0-801-gb01a236 (webtiles) character file.

1424 JokEr the Fighter (level 8, -1/75 HPs)
             Began as a Black Draconian Berserker on Dec 14, 2015.
             Was an Elder of Trog.
             Slain by a yak (7 damage)
             ... on level 4 of the Dungeon.
             The game lasted 00:08:19 (4701 turns).

JokEr the Fighter (Black Draconian Berserker)       Turns: 4701, Time: 00:08:19

Health: -1/75      AC: 11    Str: 22    XL:     8   Next: 44%
Magic:  8/8        EV: 13    Int:  7    God:    Trog [****..]
Gold:   152        SH:  0    Dex: 11    Spells: 0 memorised, 7 levels left

rFire  . . .     SeeInvis .     u - +0 mace (protect)
rCold  . . .     Clarity  .     (armour unavailable)
rNeg   . . .     SustAt   .     (no shield)
rPois  .         Gourm    .     (helmet restricted)
rElec  +         Spirit   .     (no cloak)
rCorr  .         Dismiss  .     (no gloves)
rMut   .         Stasis   .     (no boots)
MR     .....                    (no amulet)
Stlth  +.........               (no ring)
                                (no ring)

@: not resistant to hostile enchantments, very unstealthy
A: breathe lightning, unfitting armour, electricity resistance, cold-blooded, AC
+6
a: Breathe Lightning, Berserk, Trog's Hand, Brothers in Arms, Burn Spellbooks,
Renounce Religion


You were on level 4 of the Dungeon.
You worshipped Trog.
Trog was greatly pleased with you.
You were hungry.

You visited 1 branch of the dungeon, and saw 4 of its levels.
You also visited: Sewer.

You collected 152 gold pieces.

Inventory:

Hand Weapons
 a - a +1 hand axe
 u - a +0 mace of protection (weapon)
Jewellery
 t - an uncursed ring of protection from fire {unknown}
Wands
 r - a wand of fireball (9)
Scrolls
 d - 2 scrolls of enchant weapon
 n - a scroll of identify
 o - a scroll of blinking {unknown}
Potions
 f - a potion of heal wounds {unknown}
 j - a potion of invisibility {unknown}
 k - 2 potions of agility {unknown}
 l - a potion of mutation {unknown}
 m - a potion of brilliance {unknown}
 p - a potion of might {unknown}
 q - a potion of lignification {unknown}
 s - a potion of magic {unknown}
Comestibles
 b - 3 bread rations
 c - 2 meat rations
 h - 2 beef jerkies
 i - a slice of pizza


   Skills:
 + Level 8.4 Fighting
 - Level 6.6(7.2) Axes
 + Level 4.3(6.1) Maces & Flails
 - Level 3.1 Dodging


You had 7 spell levels left.
You didn't know any spells.

Dungeon Overview and Level Annotations

Branches:
Dungeon (4/15)
 Temple: D:4-7

Altars:
Vehumet


Innate Abilities, Weirdness & Mutations

You can breathe wild blasts of lightning.
Your glossy black scales are hard (AC +6).
Your body does not fit into most forms of armour.
You are resistant to electric shocks.
You are cold-blooded and may be slowed by cold attacks.


Message History

You hit the yak but do no damage.
The yak is almost dead.
The yak gores you but does no damage.
You hit the yak but do no damage.
The yak is almost dead.
The yak barely misses you.
You hit the yak.
The yak is almost dead.
The yak gores you!
* * * LOW HITPOINT WARNING * * *
You enter the shallow water.
Moving in this stuff is going to be slow.
You feel less exhausted. The yak misses you.
The yak gores you but does no damage.
There is a collapsed entrance here.
You enter the shallow water.
Moving in this stuff is going to be slow.
The yak barely misses you. The yak gores you!
You die...

#......# #.....###
#........ #.# ##.....###
.. ##......# # ..
##)......# #. .#
#†.###############.#####.#
##†##.≈≈≈≈Y≈≈≈≈.##....#..#
##...≈≈≈≈Y@≈≈≈..# #..#†.#
#...≈≈≈≈≈≈≈≈≈.÷###..#..###
#.############..<.........
#.## #######<##... #.. #.#
... ..#. ... .. #.##.
##.#. .. #. #. #.##. . #.#
#..


You could see 2 yaks.

Vanquished Creatures
  Grinder (D:3)
  4 yaks (D:4)
  An ogre (D:4)
  2 giant frogs (Sewer)
  A scorpion (D:3)
  An orc priest (D:3)
  An orc wizard (D:3)
  10 adders
  16 oozes
  4 worms
  10 orcs (D:3)
  9 ball pythons (Sewer)
  10 bats
  6 goblins
  2 hobgoblins
  6 jackals
  12 giant cockroaches
  11 giant geckos
  15 giant newts
  12 kobolds
  2 quokkas (D:3)
  4 rats
140 creatures vanquished.

Notes
Turn   | Place    | Note
--------------------------------------------------------------
     0 | D:1      | JokEr the Draconian Berserker began the quest for the Orb.
     0 | D:1      | Reached XP level 1. HP: 19/19 MP: 1/1
   485 | D:1      | Reached XP level 2. HP: 23/26 MP: 2/2
   919 | D:1      | Reached ** piety under Trog
  1120 | D:1      | Reached XP level 3. HP: 26/33 MP: 3/3
  1262 | D:2      | Reached skill level 4 in Fighting
  1807 | D:2      | Reached XP level 4. HP: 35/40 MP: 4/4
  2299 | D:3      | Reached skill level 5 in Fighting
  2299 | D:3      | Reached XP level 5. HP: 32/48 MP: 5/5
  2718 | D:3      | Found a radiant altar of Vehumet.
  2816 | D:3      | Reached *** piety under Trog
  3042 | D:3      | Noticed Grinder
  3049 | D:3      | Paralysed by Grinder for 4 turns
  3066 | D:3      | Killed Grinder
  3066 | D:3      | Reached skill level 6 in Fighting
  3066 | D:3      | Reached skill level 5 in Axes
  3066 | D:3      | Reached XP level 6. HP: 30/57 MP: 6/6
  3670 | D:4      | Found a glowing drain.
  3689 | Sewer    | Entered a sewer
  4098 | Sewer    | Reached **** piety under Trog
  4098 | Sewer    | Your scales start taking on a glossy black colour.
  4098 | Sewer    | Gained mutation: You are resistant to electric shocks. [Black Draconian growth]
  4098 | Sewer    | Reached XP level 7. HP: 61/64 MP: 7/7
  4517 | D:4      | Reached skill level 7 in Fighting
  4517 | D:4      | Reached skill level 1 in Maces & Flails
  4637 | D:4      | Noticed a yak
  4637 | D:4      | Noticed a yak
  4637 | D:4      | Noticed a yak
  4638 | D:4      | Noticed a yak
  4639 | D:4      | Noticed a yak
  4640 | D:4      | Noticed a yak
  4651 | D:4      | Killed a yak
  4656 | D:4      | Killed a yak
  4656 | D:4      | Reached XP level 8. HP: 68/74 MP: 8/8
  4662 | D:4      | Reached skill level 8 in Fighting
  4701 | D:4      | Slain by a yak

Vault maps used:
D:1:      minmay_arrival_open_corners, corexii_leaking_fountain,
          grunt_decor_one_mirror, solitary_fountain
D:3:      vehumet_crystals, uniq_grinder
D:4:      old_standard_altar, amethyst_overflow_temple_binary, first_bread,
          portal_sewer_entry_f
Sewer:    sewer_frog_island_02

Action                   |  1- 3 |  4- 6 |  7- 9 || total
-------------------------+-------+-------+-------++-------
Melee: Hand axe          |   143 |   266 |   100 ||   509
       Mace              |       |       |    47 ||    47
Invok: Berserk           |       |     2 |     1 ||     3
  Use: Scroll            |     2 |     3 |       ||     5
       Potion            |       |       |     4 ||     4
 Stab: Sleeping          |     1 |       |       ||     1
  Eat: Chunk             |     3 |     5 |     3 ||    11
       Bread ration      |       |     1 |       ||     1
